[Event "Titled Tuesday Blitz April 11 Early 2023"]
[White "lolliNOPE"]
[Black "Jain Kashish Manoj"]
[BlackFideId "35081098"]
[WhiteElo "2175"]
[BlackElo "2191"]
[Result "0-1"]
[Round "06"]
[TimeControl "180+2"]
[Date "2023.04.11"]
[WhiteClock "0:00:40"]
[BlackClock "0:01:31"]

1. e4 c5 2. Nf3 d6 3. d4 cxd4 4. Nxd4 Nf6 5. Nc3 Nc6 6. Bg5 e6 7. Qd2 a6 8. O-O-O Bd7 9. f4 b5 10. e5 dxe5 11. Nxc6 Bxc6 12. Qxd8+ Rxd8 13. Rxd8+ Kxd8 14. fxe5 h6 15. Bh4 g5 16. exf6 gxh4 17. Bd3 Bxg2 18. Rd1 Kc7 19. a4 b4 20. Ne2 a5 21. Bb5 Bd6 22. Nd4 Rd8 23. Be2 Bf4+ 24. Kb1 Kb6 25. Nb3 Rxd1+ 26. Bxd1 Bxh2 27. Bh5 Be5 28. Bxf7 Bxf6 29. Bxe6 h3 0-1


[Site "https://www.chess.com"]

[Event "Titled Tuesday Blitz April 11 Early 2023"]
[White "Vaibhav, Suri"]
[Black "Chylewski, Patryk"]
[WhiteFideId "5045185"]
[BlackFideId "1186191"]
[WhiteElo "2510"]
[BlackElo "2163"]
[Result "1-0"]
[Round "06"]
[TimeControl "180+2"]
[Date "2023.04.11"]
[WhiteClock "0:00:58"]
[BlackClock "0:01:09"]

1. e4 c6 2. d4 d5 3. Nc3 dxe4 4. Nxe4 Nd7 5. Nf3 Ngf6 6. Ned2 e6 7. g3 b6 8. Bg2 Bb7 9. O-O Be7 10. Ne5 Rc8 11. Ndc4 O-O 12. Qe2 b5 13. Nxd7 Qxd7 14. Na5 Qxd4 15. Nxb7 Qb6 16. a4 b4 17. c4 Qxb7 18. Be3 Rfd8 19. Rfd1 Qc7 20. Bf4 Bd6 21. Rxd6 Rxd6 22. c5 Ne8 23. cxd6 Nxd6 24. Rd1 Rd8 25. Qd3 1-0


[Site "https://www.chess.com"]

[Event "Titled Tuesday Blitz April 11 Early 2023"]
[White "Amilal Munkhdalai"]
[Black "Janaszak, Dawid"]
[WhiteFideId "4903250"]
[BlackFideId "1119206"]
[WhiteElo "2293"]
[BlackElo "2220"]
[Result "1-0"]
[Round "06"]
[TimeControl "180+2"]
[Date "2023.04.11"]
[WhiteClock "0:01:56"]
[BlackClock "0:00:15"]

1. e4 c5 2. Nf3 Nc6 3. d4 cxd4 4. Nxd4 e5 5. Nb5 d6 6. c4 g6 7. N1c3 a6 8. Na3 Bg7 9. Be3 Nf6 10. f3 O-O 11. Nc2 Be6 12. Nd5 Bxd5 13. cxd5 Ne7 14. Qd2 Nh5 15. Bd3 Nf4 16. O-O f5 17. Na3 Bh6 18. Bc2 fxe4 19. Bxe4 Nf5 20. Bxf5 Rxf5 21. Kh1 Bg7 22. g3 Nh3 23. Kg2 Rh5 24. Nc4 b5 25. Na5 Nf4+ 26. gxf4 Qh4 27. Kh1 Rf8 28. Qf2 Qh3 29. Qg2 Qh4 30. Nc6 exf4 31. Bf2 Qf6 32. Bd4 Qf5 33. Ne7+ 1-0


[Site "https://www.chess.com"]

[Event "Titled Tuesday Blitz April 11 Early 2023"]
[White "Bacallao Alonso, Yusnel"]
[Black "Gontcharov, Vladislav"]
[WhiteFideId "3507416"]
[BlackFideId "4123492"]
[WhiteElo "2561"]
[BlackElo "2420"]
[Result "1-0"]
[Round "06"]
[TimeControl "180+2"]
[Date "2023.04.11"]
[WhiteClock "0:00:41"]
[BlackClock "0:00:16"]

1. d4 Nf6 2. Nf3 e6 3. Bf4 c5 4. e3 Nc6 5. Nbd2 d5 6. Bb5 Bd7 7. O-O a6 8. Be2 Qb6 9. dxc5 Bxc5 10. a3 O-O 11. b4 Be7 12. c4 Qd8 13. h3 dxc4 14. Nxc4 Nd5 15. Bg3 Nc3 16. Qc2 Nxe2+ 17. Qxe2 b5 18. Nd6 Qb6 19. Rfd1 Rad8 20. Rd2 Na7 21. Rad1 Bc6 22. Ne5 Bd5 23. Nf5 Bf6 24. Ng4 exf5 25. Nxf6+ Qxf6 26. Rxd5 Nc6 27. Rd6 Rxd6 28. Rxd6 Qc3 29. Qf3 Ne7 30. Rxa6 Rd8 31. Kh2 h6 32. Qb7 Ng6 33. Qxb5 Rd1 34. Qe8+ Kh7 35. Qxf7 Nh8 36. Qxf5+ 1-0


[Site "https://www.chess.com"]

[Event "Titled Tuesday Blitz April 11 Early 2023"]
[White "Matinian, Nikita"]
[Black "Aggelis, Nikolaos"]
[WhiteFideId "24129100"]
[BlackFideId "4213220"]
[WhiteElo "2422"]
[BlackElo "2189"]
[Result "1-0"]
[Round "06"]
[TimeControl "180+2"]
[Date "2023.04.11"]
[WhiteClock "0:01:32"]
[BlackClock "0:00:22"]

1. e4 c6 2. d4 d5 3. e5 c5 4. Nf3 Nc6 5. Bb5 Bg4 6. dxc5 e6 7. h3 Bxf3 8. Qxf3 Bxc5 9. c4 Ne7 10. cxd5 Qxd5 11. Qxd5 Nxd5 12. Bxc6+ bxc6 13. O-O Bd4 14. Re1 Rb8 15. Re2 O-O 16. Na3 Rfd8 17. Nc4 Rb4 18. Rc2 Rdb8 19. Rb1 c5 20. Bd2 R4b7 21. Kf1 Nb4 22. Bxb4 Rxb4 23. Ke2 Kf8 24. f4 Ke7 25. Kd3 h6 26. g4 Rd8 27. Ke2 Rdb8 28. b3 Ra8 29. Na5 Rc8 30. Rd1 g5 31. a3 Rb5 32. b4 Rd8 33. Nc6+ Kd7 34. Nxd8 Kxd8 1-0


[Site "https://www.chess.com"]

[Event "Titled Tuesday Blitz April 11 Early 2023"]
[White "Idani, Pouya"]
[Black "Omelja, Artem"]
[WhiteFideId "12510130"]
[BlackFideId "14119846"]
[WhiteElo "2574"]
[BlackElo "2404"]
[Result "1-0"]
[Round "06"]
[TimeControl "180+2"]
[Date "2023.04.11"]
[WhiteClock "0:00:54"]
[BlackClock "0:01:30"]

1. e4 c5 2. Nc3 d6 3. d4 cxd4 4. Qxd4 Nc6 5. Qd2 g6 6. b3 Bg7 7. Bb2 Nf6 8. O-O-O O-O 9. f3 Bd7 10. Kb1 Rc8 11. g4 Qa5 12. Nd5 Qxd2 13. Rxd2 Nxd5 14. exd5 Ne5 15. h4 f5 16. g5 f4 17. Bh3 Bxh3 18. Rxh3 Rf5 19. Ne2 Nd7 20. c4 Nc5 21. Bxg7 Kxg7 22. Nd4 Rf7 23. h5 gxh5 24. Rxh5 Re8 25. Rdh2 Kg6 26. Rh6+ Kxg5 27. R2h5# 1-0


[Site "https://www.chess.com"]

[Event "Titled Tuesday Blitz April 11 Early 2023"]
[White "Dushyant Sharma"]
[Black "HSH1987"]
[WhiteFideId "25065130"]
[WhiteElo "2198"]
[BlackElo "2677"]
[Result "0-1"]
[Round "06"]
[TimeControl "180+2"]
[Date "2023.04.11"]
[WhiteClock "0:00:11"]
[BlackClock "0:00:17"]

1. e4 e5 2. Nf3 Nc6 3. Nc3 Nf6 4. Bb5 d6 5. d4 Bd7 6. O-O Be7 7. Bg5 exd4 8. Nxd4 O-O 9. Nxc6 bxc6 10. Bd3 h6 11. Bh4 Nh7 12. Bxe7 Qxe7 13. f4 Rab8 14. b3 Rfe8 15. Kh1 Qf6 16. Qd2 Nf8 17. Rae1 Qd8 18. e5 f6 19. exd6 cxd6 20. f5 Qa5 21. Ne4 Qxd2 22. Nxd2 d5 23. c4 Re5 24. Nf3 Rxe1 25. Rxe1 Kf7 26. Kg1 a5 27. Kf2 a4 28. Rb1 axb3 29. axb3 Ke7 30. b4 dxc4 31. Bxc4 Bxf5 32. Re1+ Kd7 33. Nd4 Rxb4 34. Nxf5 Rxc4 35. Re7+ Kd8 36. Rf7 Rf4+ 37. Ke3 Rxf5 38. Rxf8+ Ke7 39. Rg8 Kf7 40. Rc8 Re5+ 41. Kf4 Re6 42. g4 Kg6 43. h4 h5 44. gxh5+ Kxh5 45. Kf5 Re5+ 46. Kf4 c5 47. Rh8+ Kg6 48. Rc8 Rd5 49. Rc7 Rd4+ 50. Kg3 c4 51. Kh3 Kh6 52. Kg3 g6 53. Rc8 f5 54. Kh3 Rd3+ 55. Kg2 c3 56. Rh8+ Kg7 57. Rc8 Kh6 58. Rh8+ Kg7 59. Rc8 Rd2+ 60. Kg3 c2 61. Kf4 Kf7 62. Kg5 Rg2+ 63. Kh6 Ke6 64. Rc6+ Kd5 65. Rc8 Kd4 66. h5 gxh5 67. Kxh5 Kd3 68. Kh4 Kd2 69. Kh3 Re2 70. Rd8+ Ke1 71. Rc8 Kd1 72. Kg3 c1=Q 0-1


[Site "https://www.chess.com"]

[Event "Titled Tuesday Blitz April 11 Early 2023"]
[White "Dronavalli, Harika"]
[Black "Leenhouts, Koen"]
[WhiteFideId "5015197"]
[BlackFideId "1008439"]
[WhiteElo "2432"]
[BlackElo "2409"]
[Result "1-0"]
[Round "06"]
[TimeControl "180+2"]
[Date "2023.04.11"]
[WhiteClock "0:00:21"]
[BlackClock "0:00:03"]

1. e4 c5 2. c3 Nf6 3. e5 Nd5 4. Nf3 e6 5. d4 cxd4 6. cxd4 d6 7. Bc4 Be7 8. O-O O-O 9. Qe2 Nc6 10. Rd1 Bd7 11. a3 Rc8 12. Ba2 b5 13. Nc3 Nxc3 14. bxc3 d5 15. Bb1 Na5 16. Qd3 g6 17. Bh6 Re8 18. Qe3 Qc7 19. Qf4 Qxc3 20. Ng5 Rf8 21. Ra2 Qb3 22. Rad2 Qxa3 23. Qh4 Rc1 24. Bxf8 Rxd1+ 25. Rxd1 Bxg5 26. Qxg5 Qxf8 27. h4 Nc4 28. h5 a5 29. Rd3 Qb4 30. Rd1 Qf8 31. Kh2 b4 32. Rd3 a4 33. Rf3 Qe8 34. Rf6 Kh8 35. Qh6 1-0


[Site "https://www.chess.com"]

[Event "Titled Tuesday Blitz April 11 Early 2023"]
[White "Itgelt, Khuyagtsogt"]
[Black "Chernov, Mikhail"]
[WhiteFideId "4902912"]
[BlackFideId "24143170"]
[WhiteElo "2227"]
[BlackElo "2113"]
[Result "1-0"]
[Round "06"]
[TimeControl "180+2"]
[Date "2023.04.11"]
[WhiteClock "0:01:03"]
[BlackClock "0:00:23"]

1. c4 c5 2. Nf3 Nc6 3. Nc3 e5 4. e3 f5 5. d4 e4 6. Ne5 Nf6 7. Be2 Be7 8. O-O d6 9. Nxc6 bxc6 10. dxc5 dxc5 11. Qxd8+ Kxd8 12. b3 Be6 13. Ba3 Kc7 14. Na4 Nd7 15. Bb2 Rhg8 16. f3 exf3 17. Bxf3 g6 18. Rad1 Nb6 19. Be5+ Kb7 20. Nc3 Rad8 21. Nb5 Nc8 22. a3 Kb6 23. Bc7+ Kb7 24. Bxd8 Bxd8 25. Nd6+ Kc7 26. Nxc8 Bxc8 27. Rd3 Re8 28. Kf2 Bh4+ 29. g3 Bg5 30. h4 Bh6 31. b4 cxb4 32. axb4 Re7 33. Ra1 a6 34. b5 cxb5 35. cxb5 Re6 36. Rc3+ Kb8 37. bxa6 Bxa6 38. Rb1+ Ka7 39. Rc7+ 1-0


[Site "https://www.chess.com"]

[Event "Titled Tuesday Blitz April 11 Early 2023"]
[White "Krysa, Leandro"]
[Black "Nurgaliyeva, Zarina"]
[WhiteFideId "116807"]
[BlackFideId "13730096"]
[WhiteElo "2489"]
[BlackElo "2134"]
[Result "1-0"]
[Round "06"]
[TimeControl "180+2"]
[Date "2023.04.11"]
[WhiteClock "0:00:33"]
[BlackClock "0:00:16"]

1. e4 e5 2. Nf3 Nc6 3. d4 exd4 4. Nxd4 Qf6 5. Nf3 Bb4+ 6. c3 Bc5 7. Bc4 h6 8. O-O Nge7 9. a4 a5 10. Na3 Bxa3 11. Rxa3 O-O 12. Re1 d6 13. h3 Ng6 14. Bf1 Be6 15. Nd4 Nce5 16. Nxe6 fxe6 17. Be3 Rad8 18. Ra1 c5 19. Qe2 Nf4 20. Bxf4 Qxf4 21. Rad1 Qg5 22. Kh1 Rf6 23. Qd2 Qh4 24. g3 Qh5 25. f4 Nc6 26. Qe2 Qf7 27. Rd2 g5 28. f5 exf5 29. exf5 Rxf5 30. Bg2 Ne5 31. Bd5 1-0


[Site "https://www.chess.com"]

[Event "Titled Tuesday Blitz April 11 Early 2023"]
[White "Mendez Fortes, Eduardo Jesus"]
[Black "Sowul, Bartosz"]
[WhiteFideId "3502376"]
[BlackFideId "1137590"]
[WhiteElo "2307"]
[BlackElo "2188"]
[Result "1-0"]
[Round "06"]
[TimeControl "180+2"]
[Date "2023.04.11"]
[WhiteClock "0:01:52"]
[BlackClock "0:00:03"]

1. e4 c5 2. Nf3 d6 3. d4 cxd4 4. Nxd4 Nf6 5. Nc3 Nc6 6. Bg5 g6 7. Bxf6 exf6 8. Qd2 Bg7 9. O-O-O O-O 10. Nxc6 bxc6 11. Qxd6 Qb6 12. Qd4 f5 13. e5 Qxd4 14. Rxd4 Bxe5 15. Rc4 Be6 16. Rxc6 Rfd8 17. Bc4 Bxc3 18. bxc3 Bxc4 19. Rxc4 Rab8 20. Rd4 Rdc8 21. Rd3 Rc4 22. Rhd1 Kg7 23. Kd2 Rb2 24. Rd4 Rc5 25. a4 Ra2 26. Rb1 Ra5 27. Rb7 R5xa4 28. Rdd7 Ra6 29. Rxf7+ Kg8 30. Rfd7 Rf6 31. Rb8+ Rf8 32. Rxf8+ Kxf8 33. Rxh7 Ra6 34. Rd7 Ke8 35. Rg7 Rd6+ 36. Ke3 Rc6 37. Kd4 a5 38. c4 a4 39. Ra7 Rd6+ 40. Kc3 Re6 41. Kd3 Rd6+ 42. Ke3 Re6+ 43. Kf3 g5 44. Rxa4 Kf7 45. c5 Kf6 46. Rd4 Ke5 47. Rd3 g4+ 48. Ke2 Kf4+ 49. Kd2 Rc6 50. Rc3 Ke4 51. Rc4+ Kd5 52. Kd3 1-0


[Site "https://www.chess.com"]

[Event "Titled Tuesday Blitz April 11 Early 2023"]
[White "Kopczynski, Michal"]
[Black "Arabidze, Meri"]
[WhiteFideId "1124200"]
[BlackFideId "13604040"]
[WhiteElo "2212"]
[BlackElo "2405"]
[Result "0-1"]
[Round "06"]
[TimeControl "180+2"]
[Date "2023.04.11"]
[WhiteClock "0:00:08"]
[BlackClock "0:00:21"]

1. e4 c5 2. d4 cxd4 3. c3 dxc3 4. Nxc3 Nc6 5. f4 e6 6. Nf3 d6 7. Bd3 a6 8. O-O Be7 9. Kh1 Nf6 10. Qe1 O-O 11. Be3 e5 12. Rd1 Bg4 13. h3 Bxf3 14. Rxf3 exf4 15. Bxf4 Ne5 16. Bxe5 dxe5 17. Bxa6 Qb6 18. Bc4 Qxb2 19. Rb1 Qa3 20. Rxb7 Bb4 21. Qg3 Qc1+ 22. Kh2 Bc5 23. Ne2 Qxc4 24. Rxf6 Qxe2 25. Rf5 Qd1 26. h4 Rxa2 27. Rg5 Qg1+ 28. Kh3 Qh1+ 29. Qh2 Qxh2+ 30. Kxh2 Bd4 31. Kh3 h6 32. Rf5 Ra3+ 33. g3 Re3 34. h5 Rxe4 35. g4 Re3+ 36. Kg2 e4 37. g5 hxg5 38. Rxg5 Bf6 39. Rf5 Kh7 40. Kf2 Rf3+ 41. Rxf3 exf3 42. Kxf3 Kh6 43. Kg4 Rd8 44. Rxf7 Rd4+ 45. Kf5 Kxh5 46. Rf8 Rd5+ 47. Ke6 Re5+ 48. Kf7 Kg5 49. Rg8 Re7+ 50. Kf8 Ra7 51. Ke8 Ra8+ 52. Kf7 Rxg8 53. Kxg8 Kf5 54. Kf7 g5 0-1


[Site "https://www.chess.com"]

[Event "Titled Tuesday Blitz April 11 Early 2023"]
[White "Halldorsson, Halldor"]
[Black "Domingo Nunez, Ruben"]
[WhiteFideId "2301369"]
[BlackFideId "22245570"]
[WhiteElo "2190"]
[BlackElo "2404"]
[Result "0-1"]
[Round "06"]
[TimeControl "180+2"]
[Date "2023.04.11"]
[WhiteClock "0:01:47"]
[BlackClock "0:02:07"]

1. e4 Nf6 2. e5 Nd5 3. d4 d6 4. c4 Nb6 5. exd6 exd6 6. Bd3 Be7 7. Ne2 Bf6 8. Be3 O-O 9. Nbc3 d5 10. b3 dxc4 11. bxc4 Nc6 12. c5 Nd5 13. Nxd5 Qxd5 14. Nf4 Qd8 15. d5 Bc3+ 16. Ke2 Bxa1 17. Qxa1 Nb4 18. Bc4 Nc2 19. Qc3 Bg4+ 20. Kd2 Nxe3 21. Qxe3 Qf6 22. Rc1 Rfe8 23. Qg3 Qd4+ 24. Bd3 Bf5 25. Rc3 Rad8 26. Kc2 Bxd3+ 27. Rxd3 Qxc5+ 28. Kb2 Qb4+ 29. Rb3 Qd2+ 30. Ka3 Rd6 0-1


[Site "https://www.chess.com"]

[Event "Titled Tuesday Blitz April 11 Early 2023"]
[White "wqws"]
[Black "Harriott, Tyrell"]
[BlackFideId "2086484"]
[WhiteElo "2607"]
[BlackElo "2107"]
[Result "1-0"]
[Round "06"]
[TimeControl "180+2"]
[Date "2023.04.11"]
[WhiteClock "0:00:23"]
[BlackClock "0:00:28"]

1. e4 e6 2. d4 d5 3. Nc3 f5 4. exf5 exf5 5. Nf3 Nf6 6. Bd3 Bd6 7. O-O O-O 8. Ne5 Nc6 9. Nxc6 bxc6 10. f4 Ne4 11. Nxe4 fxe4 12. Be2 Qh4 13. g3 Qh3 14. Be3 Rb8 15. b3 Qe6 16. c4 Qf7 17. Rc1 Bh3 18. Rf2 Qg6 19. Kh1 Ba3 20. Rc2 a5 21. cxd5 cxd5 22. Rxc7 a4 23. Bf1 Bg4 24. Qc2 axb3 25. axb3 Bd6 26. Rc6 Ra8 27. b4 Bf3+ 28. Rxf3 exf3 29. Qxg6 hxg6 30. Rxd6 Rfe8 31. Bf2 Ra2 32. Kg1 Rc8 33. b5 Rc1 34. Rc6 Rb1 35. Ra6 Rd2 36. Ra3 Rdd1 37. Rxf3 Rxf1+ 38. Kg2 Rfc1 39. g4 Rxb5 40. f5 gxf5 41. gxf5 Rb6 42. Bg3 Rc2+ 43. Kh3 Rh6+ 44. Kg4 Kf7 45. Rb3 Kg8 46. Rb7 Ra2 47. Rd7 Ra5 48. Be5 Rh7 49. h4 Kf8 50. Bd6+ Kg8 51. Rd8+ Kf7 52. Rf8# 1-0


[Site "https://www.chess.com"]

[Event "Titled Tuesday Blitz April 11 Early 2023"]
[White "Kaidanov, Gregory"]
[Black "Ruiz Aguilar, Pablo Alexander"]
[WhiteFideId "2008564"]
[BlackFideId "4401352"]
[WhiteElo "2547"]
[BlackElo "2138"]
[Result "1-0"]
[Round "06"]
[TimeControl "180+2"]
[Date "2023.04.11"]
[WhiteClock "0:00:18"]
[BlackClock "0:00:01"]

1. Nf3 Nf6 2. g3 d5 3. Bg2 c6 4. c4 Bf5 5. O-O e6 6. d3 Nbd7 7. Nh4 Bg6 8. cxd5 cxd5 9. Nc3 Be7 10. Bd2 O-O 11. Nxg6 hxg6 12. Rc1 a6 13. h4 Rc8 14. Bf4 b5 15. Qd2 Nh5 16. Be3 Ndf6 17. Bg5 Ng4 18. Bxe7 Qxe7 19. d4 Qf6 20. e3 Nh6 21. Ne2 Qe7 22. Qa5 Qb7 23. Rxc8 Rxc8 24. Rc1 Rxc1+ 25. Nxc1 Qc6 26. Qd2 Nf6 27. Nd3 Nf5 28. Nc5 Nd6 29. b3 Qb6 30. Qc2 Qc6 31. Qc3 Qb6 32. Nd3 Nfe4 33. Bxe4 Nxe4 34. Qc8+ Kh7 35. Ne5 Qa5 36. Qc2 Qe1+ 37. Kg2 Nd2 38. Qd3 Ne4 39. Qc2 Nd2 40. Qd3 Ne4 41. Qf1 Qxf1+ 42. Kxf1 Nc3 43. Nxf7 Nxa2 44. Ng5+ Kg8 45. Nxe6 Nc1 46. Nc7 Nxb3 47. Nxa6 Kf7 48. Nc7 Nd2+ 49. Ke2 Ne4 50. Nxb5 Ke6 51. Na3 Nc3+ 52. Ke1 Ne4 53. Nc2 Nc3 54. Nb4 Ne4 55. Nd3 g5 56. hxg5 Nxg5 57. Nf4+ 1-0


[Site "https://www.chess.com"]

[Event "Titled Tuesday Blitz April 11 Early 2023"]
[White "Ambartsumova, Karina"]
[Black "Vanek, Tomas"]
[WhiteFideId "4166299"]
[BlackFideId "313459"]
[WhiteElo "2240"]
[BlackElo "2052"]
[Result "1-0"]
[Round "06"]
[TimeControl "180+2"]
[Date "2023.04.11"]
[WhiteClock "0:00:16"]
[BlackClock "0:00:36"]

1. e4 c5 2. Nf3 Nc6 3. d4 cxd4 4. Nxd4 Nf6 5. Nc3 e5 6. Ndb5 d6 7. Nd5 Nxd5 8. exd5 Nb8 9. c4 Be7 10. Be2 O-O 11. O-O a6 12. Nc3 f5 13. a4 Nd7 14. a5 e4 15. f3 exf3 16. Bxf3 Ne5 17. Qe2 Bf6 18. Na4 Qxa5 19. Be3 Qd8 20. Nb6 Rb8 21. c5 g5 22. Qc2 f4 23. Bd2 dxc5 24. Qxc5 Nd3 25. Qa5 Bd4+ 26. Kh1 Bxb6 27. Qc3 Nf2+ 28. Rxf2 Bxf2 29. Qe5 Bf5 30. Bc3 Qd7 31. Qh8+ Kf7 32. Bh5+ Bg6 33. Qxh7+ Ke8 34. Qxg6+ Kd8 35. Bf6+ Kc7 36. Rc1+ Kb6 37. Bd4+ Ka5 38. Qb6+ Ka4 39. Bd1# 1-0


[Site "https://www.chess.com"]

[Event "Titled Tuesday Blitz April 11 Early 2023"]
[White "Bacrot, Etienne"]
[Black "morozcoma"]
[WhiteFideId "605506"]
[WhiteElo "2663"]
[BlackElo "2282"]
[Result "1-0"]
[Round "06"]
[TimeControl "180+2"]
[Date "2023.04.11"]
[WhiteClock "0:00:03"]
[BlackClock "0:00:04"]

1. e4 e5 2. Nf3 Nc6 3. Bb5 a6 4. Ba4 Nf6 5. O-O Nxe4 6. Re1 Nc5 7. Bxc6 dxc6 8. d4 Ne6 9. Nxe5 Bd6 10. Nc3 O-O 11. Nf3 h6 12. Ne4 Bf4 13. Bxf4 Nxf4 14. Qd2 Ng6 15. h3 Qd5 16. b3 Bf5 17. c4 Qd8 18. Ng3 Be6 19. Re2 Qf6 20. Nh5 Qf5 21. Ng3 Qf6 22. Re4 Bxh3 23. Rae1 Bf5 24. R4e3 Nf4 25. Ne5 Rae8 26. Rf3 g5 27. Rxf4 gxf4 28. Qxf4 Qg5 29. Qxf5 f6 30. Nf3 Rxe1+ 31. Nxe1 Re8 32. Nf3 Qxf5 33. Nxf5 Re2 34. Nxh6+ Kf8 35. Ng4 Rxa2 36. Nxf6 Rb2 37. Nd7+ Ke7 38. Nc5 b6 39. Nxa6 Rxb3 40. Ne5 Kd6 41. g4 c5 42. g5 cxd4 43. g6 Rb1+ 44. Kg2 Ke7 45. g7 1-0


[Site "https://www.chess.com"]

[Event "Titled Tuesday Blitz April 11 Early 2023"]
[White "mohsengabr2002"]
[Black "Khubukshanov, Erdem"]
[BlackFideId "54114527"]
[WhiteElo "2433"]
[BlackElo "2420"]
[Result "0-1"]
[Round "06"]
[TimeControl "180+2"]
[Date "2023.04.11"]
[WhiteClock "0:01:32"]
[BlackClock "0:01:21"]

1. e4 g6 2. d4 Bg7 3. Nc3 d6 4. Be3 Nf6 5. f3 a6 6. Qd2 b5 7. Nge2 Bb7 8. g4 Nfd7 9. h4 h5 10. gxh5 Rxh5 11. Ng3 Rh7 12. h5 gxh5 13. Nxh5 Bh8 14. Qg2 Nf8 15. Bd3 e5 16. dxe5 Bxe5 17. O-O-O Nbd7 18. Nd5 c6 19. Nc3 Qa5 20. Bd2 b4 21. Nb1 Qxa2 22. c3 Nc5 23. Bc2 b3 24. Be3 bxc2 25. Qxc2 Nb3+ 0-1


[Site "https://www.chess.com"]

[Event "Titled Tuesday Blitz April 11 Early 2023"]
[White "Estrada Nieto, Julian"]
[Black "Gan-Od, Sereenen"]
[WhiteFideId "5101018"]
[BlackFideId "4901304"]
[WhiteElo "2161"]
[BlackElo "2265"]
[Result "0-1"]
[Round "06"]
[TimeControl "180+2"]
[Date "2023.04.11"]
[WhiteClock "0:00:27"]
[BlackClock "0:00:44"]

1. e4 Nc6 2. Nf3 d5 3. exd5 Qxd5 4. Nc3 Qa5 5. d4 Bg4 6. Bb5 O-O-O 7. Bxc6 bxc6 8. Qe2 Nf6 9. Bd2 e6 10. h3 Bh5 11. g4 Bg6 12. Ne5 Qb6 13. O-O-O Nd7 14. Na4 Qb5 15. Qxb5 cxb5 16. Nc3 Nxe5 17. dxe5 b4 18. Nb5 Rd5 19. c4 Rxe5 20. Bf4 Re4 21. Bxc7 Rxc4+ 22. Kd2 Rc2+ 23. Ke1 Bc5 24. Bg3 Rxb2 25. Rc1 Bc2 26. Bd6 Bxd6 27. Nxd6+ Kb8 28. Nxf7 Rc8 29. Nd6 Rc3 30. h4 Bd3 31. Ra1 Re2+ 32. Kd1 Rxf2 33. Re1 Kc7 34. Ne4 Bc2+ 35. Kc1 Bxe4+ 0-1


[Site "https://www.chess.com"]

[Event "Titled Tuesday Blitz April 11 Early 2023"]
[White "Karttunen, Mika"]
[Black "Liu, Casper"]
[WhiteFideId "502081"]
[BlackFideId "1454153"]
[WhiteElo "2396"]
[BlackElo "2221"]
[Result "1-0"]
[Round "06"]
[TimeControl "180+2"]
[Date "2023.04.11"]
[WhiteClock "0:01:25"]
[BlackClock "0:01:02"]

1. c4 Nc6 2. Nc3 d6 3. g3 Bd7 4. Bg2 Qc8 5. d4 h5 6. h3 h4 7. g4 f5 8. g5 e5 9. Nf3 e4 10. Ng1 g6 11. Bf4 Bg7 12. e3 Nge7 13. f3 O-O 14. Qd2 b5 15. Nxb5 d5 16. Nxc7 Rb8 17. Nxd5 Nxd5 18. cxd5 Nb4 19. Bxb8 Qxb8 20. Ne2 Nd3+ 21. Kf1 Qg3 22. Nxg3 1-0


[Site "https://www.chess.com"]

[Event "Titled Tuesday Blitz April 11 Early 2023"]
[White "Belov, Alexei"]
[Black "Melikhov, Evgeny V."]
[WhiteFideId "4128206"]
[BlackFideId "4122046"]
[WhiteElo "2628"]
[BlackElo "2158"]
[Result "1/2-1/2"]
[Round "06"]
[TimeControl "180+2"]
[Date "2023.04.11"]
[WhiteClock "0:00:25"]
[BlackClock "0:00:14"]

1. e4 e5 2. Nf3 Nc6 3. Bb5 a6 4. Ba4 Nf6 5. d4 exd4 6. O-O Nxe4 7. Re1 d5 8. Nxd4 b5 9. Nxc6 Qf6 10. f3 Bc5+ 11. Be3 Qxc6 12. fxe4 d4 13. Bxd4 bxa4 14. Nc3 O-O 15. Kh1 Bxd4 16. Qxd4 a3 17. bxa3 Be6 18. Rad1 h6 19. Rd2 Rfd8 20. Nd5 Bxd5 21. exd5 Qd6 22. c4 Qxa3 23. c5 Rab8 24. h3 Qb4 25. d6 Qxd4 26. Rxd4 cxd6 27. cxd6 Rd7 28. Red1 Rbd8 29. Kg1 f6 30. Kf2 Kf7 31. Kf3 Ke6 32. Re4+ Kf7 33. Red4 Ke6 34. Re4+ Kf7 35. Red4 1/2-1/2


[Site "https://www.chess.com"]

[Event "Titled Tuesday Blitz April 11 Early 2023"]
[White "Mazarini41"]
[Black "Danielyan, Vahe"]
[BlackFideId "13304828"]
[WhiteElo "2430"]
[BlackElo "2423"]
[Result "0-1"]
[Round "06"]
[TimeControl "180+2"]
[Date "2023.04.11"]
[WhiteClock "0:01:04"]
[BlackClock "0:02:34"]

1. d4 Nf6 2. c4 g6 3. Nf3 Bg7 4. g3 O-O 5. Bg2 d5 6. O-O Nc6 7. cxd5 Nxd5 8. Nc3 e5 9. Nxd5 e4 10. e3 Qxd5 11. Nd2 f5 12. a3 Be6 13. b4 a5 14. Rb1 axb4 15. axb4 Ra2 16. Nb3 b6 17. f3 Nxb4 18. fxe4 Rxg2+ 19. Kxg2 Qxe4+ 0-1


[Site "https://www.chess.com"]

[Event "Titled Tuesday Blitz April 11 Early 2023"]
[White "Safin, Robert"]
[Black "Gonzalez, Francisco Silva"]
[WhiteFideId "34189120"]
[BlackFideId "1512285"]
[WhiteElo "2245"]
[BlackElo "2074"]
[Result "0-1"]
[Round "06"]
[TimeControl "180+2"]
[Date "2023.04.11"]
[WhiteClock "0:00:02"]
[BlackClock "0:02:09"]

1. e4 e5 2. Nf3 Nc6 3. Bb5 a6 4. Bxc6 dxc6 5. d4 exd4 6. Qxd4 Qxd4 7. Nxd4 Bd7 8. Nc3 O-O-O 9. Be3 h5 10. f3 Ne7 11. Na4 b6 12. Nc3 Re8 13. O-O-O f5 14. e5 f4 15. Bxf4 Ng6 16. e6 Bxe6 17. Nxe6 Rxe6 18. Bg5 Bb4 19. Ne4 Be7 20. h4 Re8 21. c3 c5 22. Kc2 Ne5 23. Bxe7 R6xe7 24. Rhe1 Nc4 25. b3 Na5 26. Re2 Nc6 27. Rde1 Kb7 28. Ng3 Rxe2+ 29. Rxe2 Rxe2+ 30. Nxe2 Ne5 31. Nf4 g6 32. Kd2 Kc6 33. Ke3 Kd6 34. Ke4 c6 35. g3 b5 36. a3 a5 37. a4 c4 0-1


[Site "https://www.chess.com"]

[Event "Titled Tuesday Blitz April 11 Early 2023"]
[White "Leebit02"]
[Black "Gabdrakhmanov, Azat"]
[BlackFideId "34189197"]
[WhiteElo "2428"]
[BlackElo "2306"]
[Result "1-0"]
[Round "06"]
[TimeControl "180+2"]
[Date "2023.04.11"]
[WhiteClock "0:00:20"]
[BlackClock "0:00:27"]

1. Nf3 c5 2. b3 Nf6 3. Bb2 e6 4. e3 Be7 5. Be2 O-O 6. O-O b6 7. d4 Bb7 8. c4 d6 9. Nc3 Nbd7 10. d5 exd5 11. cxd5 Re8 12. a4 Bf8 13. Re1 a6 14. Bf1 Ne4 15. Nxe4 Rxe4 16. Nd2 Rh4 17. e4 Rh6 18. g3 Nf6 19. Bg2 Bc8 20. h4 Ng4 21. Nc4 g5 22. e5 gxh4 23. e6 Nxf2 24. Kxf2 hxg3+ 25. Kg1 Qh4 26. exf7+ Kxf7 27. Qf3+ Kg8 28. Re8 Bf5 29. Rxa8 Rh5 30. Nxd6 Qh2+ 31. Kf1 Bd3+ 32. Qxd3 Qh4 33. Qf3 Qe7 34. Re1 Qxd6 35. Qxh5 Qf4+ 36. Qf3 1-0


[Site "https://www.chess.com"]

[Event "Titled Tuesday Blitz April 11 Early 2023"]
[White "KRUMMEL2008"]
[Black "Avazkhonov, Alikhon"]
[BlackFideId "14208504"]
[WhiteElo "2589"]
[BlackElo "1739"]
[Result "1-0"]
[Round "06"]
[TimeControl "180+2"]
[Date "2023.04.11"]
[WhiteClock "0:00:18"]
[BlackClock "0:00:06"]

1. e4 c5 2. Nf3 d6 3. Bb5+ Nd7 4. a4 a6 5. Be2 Ngf6 6. Nc3 e6 7. O-O Be7 8. d4 O-O 9. e5 dxe5 10. dxe5 Ng4 11. Bf4 Qc7 12. Re1 Ngxe5 13. Nxe5 Nxe5 14. Bd3 f6 15. Bxe5 fxe5 16. Qh5 g6 17. Bxg6 Bf6 18. Bd3 Qf7 19. Qg4+ Kh8 20. Re3 Rg8 21. Qe4 Rb8 22. Rf3 Rg7 23. Qe3 Qe7 24. Ne4 Rf7 25. Qh6 1-0


[Site "https://www.chess.com"]